AoeStats
← [Fx、]AirDk

Fortress

509945532Analyzed
4v4 RM · 3d ago on Sep 28, 2026· 36m 57s· 8 players
Game mode
Random Map
Map size
Huge
Population
200
Speed
Normal
Resources
Standard
Victory
Conquest
Starting age
Dark Age
Ending age
Imperial Age
RankedLock teamsTeams togetherTeam positionsShared explorationLock speedFull tech treeHidden civsTurbo modeCheats
Victory
Defeat
1702
+13
🇺🇸 Saxons · United States
1631
+16
🇹🇷 Khmer · Türkiye
1599
+17
🇨🇳 Persians · China
1475
+22
🇵🇪 Magyars · Peru
1704
-20
🇺🇸 Italians · United States
1696
-20
🇲🇽 Gurjaras · Mexico
1561
-14
🇲🇽 Georgians · Mexico
1559
-14
Its Jskillz
7:06 Feudal Age
8:13 Horse Collar
10:43 Castle Age
8:45 Double-Bit Axe
14:50 Loom
17:32 Scale Mail Armor
19:12 Gold Mining
22:42 Squires
23:34 Chain Mail Armor
27:00 Wheelbarrow
26:40 Forging
28:18 Iron Casting
28:03 Gambesons
31:58 Imperial Age
29:18 Arson
30:19 Hand Cart
29:42 Pikeman
31:22 Fletching
33:12 Plate Mail Armor
32:04 Elite Varangian Guard
32:33 Capped Ram
33:35 Shield Wall
35:41 Conscription
35:24 Siege Ram
37:21 Caravan
nicetobeatyou
6:20 Feudal Age
6:44 Horse Collar
7:04 Double-Bit Axe
8:25 Wheelbarrow
12:28 Castle Age
14:18 Heavy Plow
15:08 Bow Saw
18:04 Loom
28:53 Scale Barding Armor
28:58 Forging
29:00 Bloodlines
28:51 Husbandry
33:20 Gold Mining
33:21 Stone Mining
37:39 Imperial Age
35:31 Hand Cart
35:03 Town Watch
36:51 Stone Shaft Mining
36:52 Gold Shaft Mining
36:53 Iron Casting
36:39 Chain Barding Armor
______小小的蓝天
6:17 Feudal Age
9:53 Castle Age
8:05 Double-Bit Axe
8:18 Horse Collar
17:00 Bow Saw
18:31 Wheelbarrow
18:33 Gold Mining
19:40 Hand Cart
19:54 Loom
20:21 Fletching
23:30 Imperial Age
21:11 Fletching
21:59 Bodkin Arrow
24:34 Conscription
24:15 Bracer
24:45 Ballistics
25:18 Padded Archer Armor
27:32 Chemistry
27:40 Leather Archer Armor
32:10 Thumb Ring
33:42 Elite Skirmisher
[Fx、]AirDk
7:44 Feudal Age
11:16 Castle Age
10:46 Double-Bit Axe
10:42 Horse Collar
17:06 Loom
17:59 Wheelbarrow
20:37 Town Watch
20:43 Fletching
23:18 Scale Barding Armor
24:03 Bloodlines
23:55 Husbandry
25:08 Chain Barding Armor
27:48 Forging
28:09 Bodkin Arrow
33:16 Bow Saw
38:57 Imperial Age
37:20 Iron Casting
36:24 Light Cavalry
37:37 Hand Cart
Paco Gerte Alrato
1:10 Loom
7:24 Feudal Age
7:58 Horse Collar
12:42 Castle Age
11:39 Double-Bit Axe
13:21 Wheelbarrow
17:56 Husbandry
19:18 Bloodlines
26:15 Scale Barding Armor
26:21 Forging
28:42 Chain Barding Armor
35:15 Iron Casting
38:16 Imperial Age
quesarito
5:09 Feudal Age
10:23 Castle Age
8:32 Horse Collar
10:07 Fletching
11:28 Bodkin Arrow
13:32 Ballistics
13:14 Padded Archer Armor
15:43 Wheelbarrow
16:26 Leather Archer Armor
18:26 Hand Cart
24:11 Fortified Wall
26:53 Imperial Age
25:25 Gold Mining
27:49 Bracer
28:52 Chemistry
28:26 Ring Archer Armor
29:53 Double-Bit Axe
31:44 Conscription
33:22 Thumb Ring
César UAM
7:36 Feudal Age
11:06 Castle Age
9:24 Double-Bit Axe
11:44 Forging
11:21 Horse Collar
16:54 Scale Barding Armor
19:24 Bloodlines
24:00 Chain Barding Armor
23:48 Husbandry
26:31 Iron Casting
31:18 Wheelbarrow
31:48 Bow Saw
33:54 Hand Cart
33:35 Stone Mining
33:36 Gold Mining
33:55 Heavy Plow
34:34 Loom
35:30 Svan Towers
35:19 Fletching
36:26 Bodkin Arrow
37:46 Ballistics
Eugenius
8:11 Feudal Age
9:33 Horse Collar
12:14 Castle Age
10:34 Double-Bit Axe
11:39 Bloodlines
12:57 Corvinian Army
14:40 Scale Barding Armor
15:05 Husbandry
20:33 Chain Barding Armor
25:43 Loom
26:07 Heavy Plow
Connection lost

Rejoining the realm…

Still unreachable

The connection could not be restored.

Session expired

The server has moved on; the page needs a fresh start.